 Dungeon Crawl Stone Soup version 0.15-a0-1119-g9b3a599 (webtiles) character file.

2952 PolkaDot the Jinx (level 9, -2/57 HPs)
             Began as a Vampire Enchanter on May 29, 2014.
             Was a Follower of Ashenzari.
             Slain by an orc
             ... wielding a +0,+0 club
              (3 damage)
             ... on Level 8 of the Dungeon.
             The game lasted 00:39:18 (9441 turns).

PolkaDot the Jinx (Vampire Enchanter)               Turns: 9441, Time: 00:39:19

HP  -2/57        AC  5     Str  8      XL: 9   Next: 52%
MP  15/15        EV 12     Int 18      God: Ashenzari [*.....]
Gold 328         SH  0     Dex 13      Spells:  5 memorised,  0 levels left

rFire  . . .     SeeInvis +     k - +2 dagger (speed) (curse)
rCold  + . .     Clarity  +     b - +1 robe (curse)
rNeg   + + +     rCorr    .     (no shield)
rPois  +         rRot     +     (no helmet)
rElec  .         Spirit   .     z - +0 cloak (curse)
SustAb .         Warding  .     (no gloves)
rMut   .         Stasis   .     g - +0 pair of boots (curse)
Gourm  .                        a - amulet "Pliavec" {Clar +Inv rC-}
MR     .....                    (no ring)
                                (no ring)

@: bloodless, non-regenerating, not resistant to hostile enchantments, very
stealthy
A: bottle blood, fangs 3, see invisible, clumsy 1, unbreathing, evolution 1
a: Bat Form, Bottle Blood, Renounce Religion, Evoke Invisibility


You were on level 8 of the Dungeon.
You worshipped Ashenzari.
Ashenzari was aware of your devotion.
You were bloodless.

You visited 2 branches of the dungeon, and saw 9 of its levels.
You also visited: Sewer.

You collected 328 gold pieces.

Inventory:

Hand weapons
 k - a cursed +2,+2 dagger of speed (weapon)
Missiles
 d - 12 darts (quivered)
Armour
 b - a cursed +1 robe (worn)
 g - a cursed +0 pair of boots (worn)
 z - a cursed +0 cloak (worn)
Magical devices
 m - a wand of confusion (12)
 v - a wand of frost (9)
 w - a wand of fireball (2)
 y - a wand of digging (5)
 C - a wand of cold (4)
Scrolls
 e - 3 scrolls of fear
 i - 2 scrolls of remove curse
 j - 9 scrolls of teleportation
 l - a scroll of curse weapon
 u - a scroll of magic mapping
 x - a scroll of curse armour
 A - a scroll of amnesia
 B - a scroll of immolation {unknown}
 D - a scroll of enchant armour {unknown}
 E - a scroll of enchant weapon I
 F - a scroll of enchant weapon III {unknown}
Jewellery
 a - the amulet "Pliavec" (around neck) {Clar +Inv rC-}
   (You found it on level 4 of the Dungeon)

   [amulet of clarity]

   It provides mental clarity.
   It makes you vulnerable to cold.
   It lets you turn invisible.
Potions
 f - 7 potions of curing
 h - 3 potions of flight
 n - 3 potions of agility
 o - a potion of heal wounds
 p - 2 potions of might
 q - a potion of haste
 r - a potion of magic
 s - a potion of paralysis {unknown}
 t - a potion of invisibility {unknown}
Books
 c - a book of Maledictions

   Spells                             Type                      Level
   *Corona                            Hexes                        1
   *Sure Blade                        Hexes/Charms                 2
   *Ensorcelled Hibernation           Hexes/Ice                    2
   *Confuse                           Hexes                        3
   Dazzling Spray                     Conjuration/Hexes            3
   *Enslavement                       Hexes                        4


   Skills:
 * Level 9.0 Short Blades
 - Level 0.7 Throwing
 - Level 2.1 Dodging
 + Level 10.4 Stealth
 - Level 2.1 Spellcasting
 + Level 12.0 Hexes
 - Level 1.0 Ice Magic


You couldn't memorise any spells.
You knew the following spells:

 Your Spells              Type           Power        Failure   Level  Hunger
a - Corona                Hex            #####..      1%          1    #......
b - Sure Blade            Hex/Chrm       ###.......   1%          2    ##.....
c - Confuse               Hex            #####...     1%          3    ####...
d - Ensorcelled Hibernat  Hex/Ice        ####..       1%          2    ##.....
e - Enslavement           Hex            #####...     1%          4    #####..


Dungeon Overview and Level Annotations

Branches:
Dungeon (8/15)             Temple (1/1) D:6
   Lair: D:8-11

Altars:
Ashenzari
Cheibriados
Dithmenos
Elyvilon
Fedhas
Gozag
Makhleb
Okawaru
Qazlal
Sif Muna
Trog
Vehumet
Xom
Yredelemnul
Zin
The Shining One


Innate Abilities, Weirdness & Mutations

You do not heal naturally.
You can bottle blood from corpses.
You have razor-sharp teeth.*
You have supernaturally acute eyesight.
You can survive without breathing.*
You are clumsy. (Dex -2)
You evolve.


Message History

Confirm with . or Enter, or press ? or * to list all spells.
Aiming: Ensorcelled Hibernation
Press: ? - help, Shift-Dir - straight line, f/p - worm
Aim: a worm The worm looks drowsy...
* * * LOW MAGIC WARNING * * *
The helpless worm fails to defend itself.
You spit the worm like a pig!!!
You kill the worm!
Your Hexes skill increases to level 12!
You start resting.
Magic restored.
There is a stone staircase leading down here.
You climb downwards.
A yak, 4 orcs and an orc warrior come into view.
The orc shouts! x4
The orc warrior shouts!
The yak bellows!
The orc throws a tomahawk.
The tomahawk barely misses you.
The bat hits something.
The orc hits you with a club.
You die...

#.. #.....
#......
#.....(P
#.......P
#......Pb
#....P...
#o.o...PP.
#@o..o.PPP
#..o.P.YPP
#....P.P.
#......PP
#.......P
#.......
#......
#..... #..


You could see a yak, an orc warrior, 4 orcs and a bat.

Vanquished Creatures
  Grinder (D:6)
  Prince Ribbit (D:6)
  A human (D:7)
  A hungry ghost (D:7)
  A hippogriff (D:8)
  Edmund (D:6)
  An orc warrior (D:6)
  An ice beast (D:6)
  A sky beast (D:7)
  3 ogres
  A yellow wasp (D:8)
  A centaur (D:6)
  Sigmund (D:6)
  4 big kobolds
  2 giant frogs
  5 wights (D:8)
  A jelly (D:7)
  A centaur zombie (D:5)
  3 hounds
  An iguana (D:5)
  An orc priest (D:4)
  3 worker ants
  A sheep (D:7)
  A hound skeleton (D:6)
  8 adders
  3 green rats (Sewer)
  An inept feature mimic (D:2)
  A shadow imp (D:5)
  2 giant mites (D:5)
  4 worms
  2 orc skeletons (D:8)
  A giant gecko (D:3)
  14 orcs
  4 ball pythons
  13 bats
  A bat zombie (D:6)
  12 giant cockroaches
  7 hobgoblins
  16 jackals
  4 oozes
  4 giant newts
  9 goblins
  A hobgoblin skeleton (D:7)
  A hobgoblin zombie (D:8)
  27 kobolds
  A kobold skeleton (D:4)
  2 quokkas (D:6)
  16 rats
  A rat zombie (D:6)
193 creatures vanquished.

Vanquished Creatures (collateral kills)
  3 sheep (D:7)
  A kobold (D:7)
4 creatures vanquished.

Grand Total: 197 creatures vanquished

Notes
Turn   | Place    | Note
--------------------------------------------------------------
     0 | D:1      | PolkaDot, the Vampire Enchanter, began the quest for the Orb.
     0 | D:1      | Reached XP level 1. HP: 13/13 MP: 3/3
   434 | D:1      | Reached XP level 2. HP: 14/19 MP: 2/4
   549 | D:1      | Gained mutation: You evolve. [potion of beneficial mutation]
   840 | D:1      | Learned a level 2 spell: Ensorcelled Hibernation
   889 | D:1      | Reached skill level 5 in Hexes
   937 | D:1      | Reached XP level 3. HP: 22/24 MP: 3/6
  1259 | D:1      | Gained mutation: You are clumsy. (Dex -2) [evolution]
  1558 | D:2      | Found a shimmering altar of Xom.
  1566 | D:2      | Reached skill level 1 in Ice Magic
  2242 | D:2      | Learned a level 3 spell: Confuse
  2312 | D:2      | Reached XP level 4. HP: 26/30 MP: 2/7
  2990 | D:3      | Found a glowing drain.
  3114 | Sewer    | Entered a sewer
  3141 | Sewer    | Reached XP level 5. HP: 24/35 MP: 1/9
  3448 | Sewer    | Reached skill level 6 in Hexes
  3523 | Sewer    | Noticed a big kobold
  3532 | Sewer    | Killed a big kobold
  3532 | Sewer    | Reached skill level 5 in Stealth
  3947 | Sewer    | Noticed a big kobold
  3969 | Sewer    | Killed a big kobold
  3969 | Sewer    | Reached skill level 7 in Hexes
  3969 | Sewer    | Reached XP level 6. HP: 28/41 MP: 1/10
  4798 | D:4      | Reached skill level 8 in Hexes
  4810 | D:4      | Found a snail-covered altar of Cheibriados.
  4962 | D:4      | Reached XP level 7. HP: 33/46 MP: 2/12
  5257 | D:4      | Got a slimy garnet amulet
  5747 | D:5      | Entered Level 5 of the Dungeon
  5801 | D:5      | Learned a level 4 spell: Enslavement
  5964 | D:5      | Found a shattered altar of Ashenzari.
  5967 | D:5      | Found a stormy altar of Qazlal.
  5967 | D:5      | Found a burning altar of Makhleb.
  5967 | D:5      | Found a shadowy altar of Dithmenos.
  5972 | D:5      | Identified the amulet "Pliavec" {Clar +Inv rC-} (You found it on level 4 of the Dungeon)
  5972 | D:5      | Became a worshipper of Ashenzari the Shackled
  6041 | D:5      | Gained mutation: You are robust (+10% HP). [potion of beneficial mutation]
  6081 | D:5      | Reached skill level 9 in Hexes
  6167 | D:5      | Reached skill level 5 in Short Blades
  6679 | D:6      | Found a staircase to the Ecumenical Temple.
  6690 | Temple   | Entered the Ecumenical Temple
  6730 | D:6      | Noticed Edmund
  6749 | D:6      | Killed Edmund
  6825 | D:6      | Found a basalt altar of Yredelemnul.
  6962 | D:6      | Reached XP level 8. HP: 44/57 MP: 8/13
  7012 | D:6      | Noticed Grinder
  7020 | D:6      | Killed Grinder
  7020 | D:6      | Reached skill level 10 in Hexes
  7360 | D:6      | Noticed Sigmund
  7367 | D:6      | Killed Sigmund
  7389 | D:6      | Lost mutation: You are robust (+10% HP). [evolution]
  7554 | D:6      | Found a bloodstained altar of Trog.
  7613 | D:6      | Noticed Prince Ribbit
  7914 | D:6      | Killed Prince Ribbit
  7914 | D:6      | Reached skill level 11 in Hexes
  8323 | D:7      | Reached XP level 9. HP: 57/57 MP: 8/15
  8379 | D:7      | Found an iron altar of Okawaru.
  8871 | D:7      | Reached skill level 10 in Stealth
  9084 | D:8      | Found a burning altar of Makhleb.
  9084 | D:8      | Noticed a green death
  9137 | D:8      | Learned a level 2 spell: Sure Blade
  9350 | D:7      | HP: 1/57 [worm (10)]
  9352 | D:7      | Reached skill level 12 in Hexes
  9441 | D:8      | Slain by an orc

Action                   |  1- 3 |  4- 6 |  7- 9 || total
-------------------------+-------+-------+-------++-------
Melee: Dagger            |   133 |   172 |   244 ||   549
 Cast: Corona            |     9 |     2 |       ||    11
       Ensorcelled Hiber |    14 |    41 |    69 ||   124
       Confuse           |       |    10 |    13 ||    23
       Enslavement       |       |       |     8 ||     8
 Abil: End Transformatio |       |     2 |       ||     2
       Bat Form          |       |     2 |       ||     2
Evoke: Wand              |       |       |     6 ||     6
  Use: Potion            |     2 |       |     1 ||     3
       Scroll            |       |    11 |    13 ||    24
 Stab: Sleeping          |    12 |    33 |    54 ||    99
       Confused          |       |     4 |    12 ||    16
       Distracted        |       |       |     4 ||     4
       Betrayed ally     |       |       |     1 ||     1
